 Dungeon Crawl Stone Soup version 0.32-a0-22-g6ae6769602 (webtiles) character file.

Game seed: 15209769607825282105

183 PriceMaster the Sneak (level 5, 0/3 HPs)
             Began as an Octopode Fire Elementalist on Jan 19, 2024.
             Was a Believer of Sif Muna.
             Slain by a bombardier beetle (3 damage)
             ... on level 4 of the Dungeon.
             The game lasted 00:07:16 (2721 turns).

PriceMaster the Sneak (Octopode Fire Elementalist)  Turns: 2721, Time: 00:07:20

Health: 0/3        AC:  2    Str: 12    XL:     5   Next: 62%
Magic:  1/8        EV: 10    Int: 21    God:    Sif Muna [**....]
Gold:   182        SH:  0    Dex: 13    Spells: 8/9 levels left

rFire   . . .        g - melded +0 spear
rCold   . . .        (shield currently unavailable)
rNeg    . . .        (helmet currently unavailable)
rPois   +            l - amulet of faith
rElec   .            (no ring)
rCorr   .            (no ring)
SInv    .            (no ring)
Will    .....        (no ring)
Stlth   +++          (no ring)
HPRegen 0.20/turn    (no ring)
MPRegen 0.11/turn    (no ring)
                     (no ring)

%: faith
@: snake-form
A: constrict, reduced hp, almost no armour, amphibious, 8 rings, large,
(camouflage 1), (gelatinous body 1), (nimble swimmer 1), (tentacles), clever 1,
frail 1
a: Begin Untransformation, Renounce Religion, Channel Magic


You were on level 4 of the Dungeon.
You worshipped Sif Muna.
Sif Muna was pleased with you.
You were an enormous serpent.
You visited 1 branch of the dungeon, and saw 4 of its levels.

You collected 232 gold pieces.
You spent 50 gold pieces at shops.

Inventory:

Hand Weapons
 g - a +0 spear (melded)
Missiles
 i - a throwing net
 p - 36 stones
Jewellery
 l - an amulet of faith (around neck)
Talismans
 q - a serpent talisman (active)
 s - a flux talisman
 t - a beast talisman
Scrolls
 b - a scroll of revelation {unknown}
 c - 3 scrolls of vulnerability
 d - 2 scrolls of enchant armour
 h - a scroll of butterflies {unknown}
 j - 3 scrolls of brand weapon {unknown}
 m - a scroll of identify
 n - a scroll of teleportation {unknown}
 u - a scroll of noise {unknown}
 v - a scroll of fear {unknown}
Potions
 a - 2 potions of magic
 e - a potion of enlightenment
 f - 4 potions of curing
 k - 2 potions of heal wounds
 o - a potion of ambrosia {unknown}
 r - a potion of degeneration {unknown}


   Skills:
 + Level 0.6 Fighting
 + Level 1.9 Polearms
 + Level 2.4 Dodging
 + Level 4.4 Stealth
 + Level 2.6 Spellcasting
 + Level 1.7 Conjurations
 + Level 4.0 Fire Magic


You had 8 spell levels left.
You knew the following spells:

 Your Spells              Type           Power      Damage    Failure   Level
a - Foxfire               Conj/Fire      56%        2x1d6     4%          1

Your spell library contained the following spells:

 Spells                   Type           Power      Damage    Failure   Level
 Scorch                   Fire           38%        2d6       4%          2
 Inner Flame              Hex/Fire       11%        N/A       19%         3
 Volatile Blastmotes      Fire/Tloc      22%        2d11      19%         3
 Flame Wave               Conj/Fire      14%        2d6       38%         4


Dungeon Overview and Level Annotations

Branches:
Dungeon (4/15)
 Temple: D:4-7

Altars:
Sif Muna

Shops:
D:2 !


Innate Abilities, Weirdness & Mutations

You are an enormous serpent.
You have a powerful constriction melee attack.
Your maximum health is decreased, since you lack skill for your form.
Your armour is entirely melded.
You are incapable of wielding weapons or throwing items.
You cannot wear most types of armour.
You are amphibious.
You can wear up to eight rings at the same time.
((Your skin changes colour to match your surroundings (Stealth+).))
((Your rubbery body absorbs attacks. (AC +1, EV +1)))
((You are camouflaged when in or above water. (Stealth+)))
((You have tentacles for arms and can constrict up to eight enemies at once.))
Your mind is acute. (Int +4, Str/Dex -1)
You are frail. (-10% HP)


Message History

Casting: Foxfire (safe; 4% risk of failure)
Confirm with . or Enter, or press ? or * to list all spells.
You conjure some foxfire!
Your foxfire dissipates!
The foxfire hits the bombardier beetle but does no damage.
The bombardier beetle is moderately wounded.
Casting: Foxfire (safe; 4% risk of failure)
Confirm with . or Enter, or press ? or * to list all spells.
You conjure some foxfire!
Your foxfire dissipates!
The foxfire hits the bombardier beetle.
The bombardier beetle is heavily wounded.
Casting: Foxfire (safe; 4% risk of failure)
Confirm with . or Enter, or press ? or * to list all spells.
You conjure some foxfire!
Your foxfire dissipates!
The foxfire hits the bombardier beetle.
The bombardier beetle is severely wounded.
Casting: Foxfire (safe; 4% risk of failure)
Confirm with . or Enter, or press ? or * to list all spells.
You conjure some foxfire!
Your foxfire dissipates!
The foxfire hits the bombardier beetle.
The bombardier beetle is severely wounded.
Casting: Foxfire (safe; 4% risk of failure)
Confirm with . or Enter, or press ? or * to list all spells.
You conjure some foxfire!
Your foxfire dissipates!
The foxfire hits the bombardier beetle.
The bombardier beetle is almost dead.
Casting: Foxfire (safe; 4% risk of failure)
Confirm with . or Enter, or press ? or * to list all spells.
You don't have enough magic to cast this spell.
You hit the bombardier beetle but do no damage.
You grab the bombardier beetle.
The bombardier beetle is almost dead.
You constrict the bombardier beetle, but do no damage.
The bombardier beetle bites you.
Ouch! That really hurt!
You die...

.#.#####....<###.#
#.##.
....####[)#.## #.#
#.##.
............# #.#
#.##.
#..#####..### #.#
#.##.
#..######.####.##.
#..............##.
#.#######.#######.
#.# #.#######.
##### #S#
#.........
......#####B#
##########
............#
#############


You could see a bombardier beetle.

Vanquished Creatures
  A bullfrog (D:4)
  Jessica (D:2)
  2 adders
  A dart slug (D:2)
  6 ball pythons
  11 bats
  8 endoplasms
  A giant cockroach (D:3)
  7 goblins
  9 hobgoblins
  2 jackals (D:2)
  2 quokkas
  A frilled lizard (D:3)
  6 kobolds
  6 rats
64 creatures vanquished.

Vanquished Creatures (others)
  131 foxfires
131 creatures vanquished.

Grand Total: 195 creatures vanquished

Notes
Turn   | Place    | Note
-------+----------+-------------------------------------------
     0 | D:1      | PriceMaster the Octopode Fire Elementalist began the quest
                  | for the Orb.
     0 | D:1      | Reached XP level 1. HP: 11/11 MP: 3/3
   193 | D:1      | Found a faded altar of an unknown god.
   342 | D:1      | Reached XP level 2. HP: 17/17 MP: 1/5
   355 | D:1      | Prayed at the altar of an unknown god.
   355 | D:1      | Became a worshipper of Sif Muna the Loreminder
   355 | D:1      | Reached * piety under Sif Muna
   867 | D:2      | Reached XP level 3. HP: 21/21 MP: 6/6
   902 | D:2      | Found Xaji's Distillery.
   921 | D:2      | Bought a potion of heal wounds for 50 gold pieces
   986 | D:2      | Noticed Jessica
   996 | D:2      | Killed Jessica
   997 | D:2      | Reached skill level 1 in Polearms
  1040 | D:2      | Reached XP level 4. HP: 16/27 MP: 3/7
  1139 | D:2      | Reached ** piety under Sif Muna
  1337 | D:2      | You fall into a shaft and drop 2 floors!
  1357 | D:4      | Noticed a phantom
  1398 | D:4      | Noticed a bullfrog
  1415 | D:4      | Killed a bullfrog
  1416 | D:4      | Reached XP level 5. HP: 29/32 MP: 2/8
  1424 | D:4      | Gained mutation: You are frail. (-10% HP) [potion of
                  | mutation]
  1424 | D:4      | Gained mutation: Your mind is acute. (Int +4, Str/Dex -1)
                  | [potion of mutation]
  2721 | D:4      | Slain by a bombardier beetle

Illustrated notes

Levels and vault maps discovered:
D:1:      lemuel_arrival_cross, layout_rooms, ebering_ecumenical_altar_ruins
D:2:      layout_rooms, serial_shops, shop, minmay_misc_feat_secret_circle,
          minmay_goblin_kobold_house, uniq_jessica
D:3:      layout_basic, dreamdust_wishing_well
D:4:      layout_loops_ring, grunt_gozag_statues, uniq_eustachio

Skill      XL: |  1  2  3  4  5 |
---------------+----------------+-----
Stealth        | 3 4 |  4.4
Polearms       | 1 |  1.9
Fire Magic     | 4 |  4.0
Fighting       | |  0.6
Dodging        | |  2.4
Spellcasting   | |  2.6
Conjurations   | |  1.7

Action                     |  1- 3 |  4- 6 || total
---------------------------+-------+-------++-------
  Melee: Unarmed           |     5 |    13 ||    18
         Constrict         |     7 |    14 ||    21
         Spear             |    40 |    50 ||    90
         Tentacles         |     7 |    12 ||    19
         Punch             |     1 |       ||     1
   Cast: Foxfire           |    34 |    56 ||    90
    Use: Potion            |       |     2 ||     2
         Scroll            |       |     5 ||     5
   Stab: Sleeping          |     6 |     5 ||    11
         Distracted        |       |     1 ||     1
 Armour: Skin              |    21 |    23 ||    44
  Dodge: Dodged            |    19 |    74 ||    93
   Form: Serpent           |       |     1 ||     1
         Beast             |       |     1 ||     1
         Flux              |       |     1 ||     1

Table legend: (Time is in decaauts)
 A = Elapsed time spent in this place.
 B = Non-inter-level travel time spent in this place.
 C = Inter-level travel time spent in this place.
 D = Time resting spent in this place.
 E = Time spent auto-exploring this place.
 F = Levels seen in this place.
 G = Mean time per level.
                   A        B        C        D        E       F      G
               +--------+--------+--------+--------+--------+-----+--------+
         Total |   2724 |   2612 |    112 |      0 |   2037 |   4 |  681.0 |
       Dungeon |   2724 |   2612 |    112 |      0 |   2037 |   4 |  681.0 |
               +--------+--------+--------+--------+--------+-----+--------+

Top non-repeatable levels by time:
     D:2: 827 daAuts
     D:1: 774 daAuts
     D:3: 769 daAuts
     D:4: 353 daAuts
